AoeStats
← trashypanda

Nomad

510935298Analyzed
4v4 RM · 16h ago on Oct 3, 2026· 29m 19s· 8 players
Game mode
Random Map
Map size
231×231
Population
200
Speed
Normal
Resources
Standard
Victory
Conquest
Starting age
Dark Age
Ending age
Imperial Age
RankedLock teamsTeams togetherTeam positionsShared explorationLock speedFull tech treeHidden civsTurbo modeCheats
Victory
Defeat
🇵🇪 Lithuanians · Peru
1093
+15
🇩🇪 Wei · Germany
1057
+16
🇨🇦 Hindustanis · Canada
1048
+17
🇬🇧 Byzantines · United Kingdom
1006
+19
🇳🇿 Japanese · New Zealand
1110
-18
🇨🇳 Koreans · China
1088
-18
🇨🇳 Poles · China
1056
-16
🇲🇽 Ethiopians · Mexico
1015
-15
haspirits
4:37 Loom
15:59 Feudal Age
16:39 Double-Bit Axe
16:50 Gold Mining
17:39 Wheelbarrow
19:16 Town Watch
19:57 Fishing Lines
22:29 Castle Age
22:15 Stone Mining
23:29 Gillnets
24:03 Bow Saw
25:26 Hand Cart
26:40 Fletching
31:31 Imperial Age
31:37 Imperial Age
DSLG | Shamer
3:32 Loom
13:39 Feudal Age
16:04 Fishing Lines
16:55 Double-Bit Axe
20:13 Castle Age
18:39 Scale Barding Armor
18:46 Forging
21:11 Bow Saw
21:31 Chain Barding Armor
21:18 Husbandry
21:13 Gillnets
26:37 Wheelbarrow
25:50 Horse Collar
28:24 Iron Casting
28:23 Bloodlines
28:13 Gold Mining
28:13 Stone Mining
Gwendreath
9:47 Loom
19:45 Feudal Age
20:12 Arson
19:53 Man-at-Arms
25:12 Forging
25:03 Scale Mail Armor
trashypanda
5:13 Loom
15:20 Feudal Age
19:08 Castle Age
17:31 Scale Mail Armor
17:42 Forging
18:04 Double-Bit Axe
20:19 Chain Mail Armor
20:40 Iron Casting
20:44 Squires
20:29 Arson
21:50 Bow Saw
21:21 Horse Collar
25:17 Wheelbarrow
27:29 Hand Cart
NeessQuiick
scrawnny12
tugou
4:29 Loom
14:21 Feudal Age
18:16 Castle Age
16:15 Fishing Lines
17:00 Double-Bit Axe
18:19 Stone Mining
18:22 Gold Mining
18:27 Town Watch
19:18 Bow Saw
19:27 Gillnets
21:18 Wheelbarrow
22:41 Hand Cart
23:40 Fletching
26:22 Bodkin Arrow
27:30 Gold Shaft Mining
32:07 Imperial Age
yigjiajsdihna
Connection lost

Rejoining the realm…

Still unreachable

The connection could not be restored.

Session expired

The server has moved on; the page needs a fresh start.